 Dungeon Crawl Stone Soup version 0.26-a0-661-g406de6ba63 (webtiles) character file.

Game seed: 8519991604898877212

5421 grandjackal the Warmonger (level 10, -1/80 HPs)
             Began as a Demonspawn Gladiator on Oct 8, 2020.
             Was an Elder of Okawaru.
             Slain by an unseen horror (2 damage)
             ... on level 10 of the Dungeon.
             The game lasted 00:13:54 (9767 turns).

grandjackal the Warmonger (Demonspawn Gladiator)    Turns: 9767, Time: 00:13:55

Health: -1/80      AC:  9    Str: 24    XL:     10   Next: 40%
Magic:  0/26       EV: 17    Int:  9    God:    Okawaru [****..]
Gold:   882        SH:  0    Dex: 15    Spells: 9/9 levels left

rFire    . . .     SeeInvis .   O - +0 scimitar (vorpal)
rCold    . . .     Faith    .   (no shield)
rNeg     + . .     Spirit   +   y - +2 robe {rN+}
rPois    .         Reflect  .   c - +0 helmet
rElec    .         Harm     .   D - +0 cloak
rCorr    .         Rampage  .   v - +2 pair of gloves
MR       .....                  (boots unavailable)
Stlth    +.........             M - amulet of guardian spirit
HPRegen  0.23/turn              s - ring of magical power
MPRegen  0.20/turn              k - +6 ring of strength

@: no status effects
A: hooves 3, powered by pain 1, rot immunity
a: Heroism, Renounce Religion


You were on level 10 of the Dungeon.
You worshipped Okawaru.
Okawaru was greatly pleased with you.
You visited 1 branch of the dungeon, and saw 10 of its levels.
You also visited: Ossuary.

You collected 882 gold pieces.

Inventory:

Hand Weapons
 q - a +2 dagger of electrocution
 O - a +0 vorpal scimitar (weapon)
Missiles
 d - 3 throwing nets (quivered)
Armour
 c - a +0 helmet (worn)
 h - a cursed +0 chain mail
 v - a +2 pair of gloves (worn)
 y - a +2 robe of positive energy (worn)
 D - a +0 cloak (worn)
Jewellery
 k - a +6 ring of strength (right hand)
 s - a ring of magical power (left hand)
 M - an amulet of guardian spirit (around neck)
Wands
 b - a wand of flame (11)
 E - a wand of acid (2)
 J - a wand of polymorph (11)
 K - a wand of paralysis (14)
 P - a wand of digging (4)
Scrolls
 e - 4 scrolls of amnesia {unknown}
 f - 2 scrolls of enchant weapon {unknown}
 g - 2 scrolls of immolation {unknown}
 i - 4 scrolls of fog {unknown}
 j - 2 scrolls of noise {unknown}
 m - a scroll of magic mapping {unknown}
 o - 5 scrolls of blinking {unknown}
 p - 9 scrolls of remove curse
 r - a scroll of random uselessness {unknown}
 t - 4 scrolls of enchant armour {unknown}
 x - 6 scrolls of teleportation
 L - a scroll of fear
 N - a scroll of identify
Potions
 l - a potion of flight
 n - 2 potions of mutation
 u - a potion of might
 w - 3 potions of heal wounds
 z - 5 potions of curing
 A - a potion of brilliance
 B - a potion of stabbing
 C - 3 potions of lignification
 F - 3 potions of haste
 G - a potion of magic
 H - a potion of ambrosia
 I - a potion of cancellation


   Skills:
 + Level 8.2 Fighting
 + Level 7.8 Long Blades
 - Level 1.7 Throwing
 + Level 7.8 Dodging
 + Level 9.4 Invocations


You had 9 spell levels left.
You didn't know any spells.
Your spell library contained the following spells:

 Spells                   Type           Power        Failure   Level
 Corona                   Hex            #......      38%         1
 Freeze                   Ice            #...         38%         1
 Ensorcelled Hibernation  Hex/Ice        #.....       52%         2
 Confusing Touch          Hex            #.......     77%         3
 Dazzling Flash           Conj/Hex       #.....       77%         3
 Frozen Ramparts          Ice            #.....       77%         3
 Ozocubu's Armour         Ice            #.......     77%         3
 Tukima's Dance           Hex            #.......     77%         3
 Hailstorm                Conj/Ice       #.......     99%         4
 Summon Ice Beast         Ice/Summ       #.......     99%         4


Dungeon Overview and Level Annotations

Branches:
Dungeon (10/15)            Temple (0/1) D:4         Ossuary (visited)
   Lair: D:8-11         Orc: D:9-12

Altars:
Ashenzari
Gozag
Nemelex Xobeh
Okawaru
Qazlal
Sif Muna
Xom

Shops:
D:6 :


Innate Abilities, Weirdness & Mutations

You have hooves in place of feet.
You sometimes gain a little power by taking damage.
You are immune to rotting.


Message History

Things that are here:
a +0 flail; a +4 plate armour Something hits you.
* * * LOW HITPOINT WARNING * * *
Something hits you.
* * * LOW HITPOINT WARNING * * *
Things that are here:
a +0 flail; a +4 plate armour Something hits you!
* * * LOW HITPOINT WARNING * * *
Items here: )) [[ †.
Something hits you.
* * * LOW HITPOINT WARNING * * *
Things that are here:
a +0 flail; a +4 plate armour You feel a little less mighty now.
Something hits you!
* * * LOW HITPOINT WARNING * * *
Something hits you.
You die...

###############
..............#
..............#
.........(....#
..............#
####...###))†########
###########.@)##.....#
........)).(.........####
.........)).........##...
.........................
.........................
.........................
.#####+#####(.###...##..
#+####...## +.........#


There were no monsters in sight!

Vanquished Creatures
  A boulder beetle (D:9)
  Psyche (D:8)
  Maggie (D:10)
  A troll (D:9)
  A vampire (D:9)
  5 orc warriors
  3 ogres
  A necrophage (D:9)
  A phantom (D:6)
  4 centaurs
  A big kobold (D:7)
  4 bullfrogs
  An elf skeleton (D:5)
  2 scorpions
  5 wights (D:10)
  7 howler monkeys
  A bullfrog zombie (D:7)
  4 crimson imps (D:3)
  A centaur zombie (D:7)
  3 quasits
  5 hounds
  3 bullfrog skeletons
  A centaur skeleton (D:8)
  3 human skeletons (D:5)
  5 orc priests
  6 orc wizards
  4 iguanas
  8 worker ants
  A killer bee zombie (D:7)
  8 mummies (Ossuary)
  14 adders
  A howler monkey skeleton (D:4)
  2 oozes
  2 adder zombies
  An adder skeleton (D:4)
  5 worms
  3 dart slugs (D:1)
  3 leopard geckos
  22 orcs
  6 bats
  A giant cockroach (D:4)
  6 goblins
  8 hobgoblins
  6 jackals
  6 quokkas
  6 ball pythons
  3 frilled lizards
  2 gnoll zombies (Ossuary)
  2 hobgoblin zombies (Ossuary)
  7 kobolds
  3 kobold zombies (Ossuary)
  A leopard gecko skeleton (D:6)
  2 orc skeletons (D:5)
  An orc zombie (Ossuary)
  9 rats
214 creatures vanquished.

Vanquished Creatures (others)
  An orc (D:10)
  A fungus (D:10)
  37 plants
39 creatures vanquished.

Grand Total: 253 creatures vanquished

Notes
Turn   | Place    | Note
-------+----------+-------------------------------------------
     0 | D:1      | grandjackal the Demonspawn Gladiator began the quest for
                  | the Orb.
     0 | D:1      | Reached XP level 1. HP: 16/16 MP: 1/1
   260 | D:1      | Gained mutation: You have large cloven feet. [demonic
                  | ancestry]
   260 | D:1      | Reached XP level 2. HP: 20/22 MP: 2/2
   537 | D:1      | Reached XP level 3. HP: 25/28 MP: 3/3
  1067 | D:2      | Found a sparkling altar of Nemelex Xobeh.
  1072 | D:2      | Found an opulent altar of Gozag.
  1075 | D:2      | Found an iron altar of Okawaru.
  1078 | D:2      | Found a stormy altar of Qazlal.
  1490 | D:2      | Gained mutation: You have hoof-like feet. [demonic
                  | ancestry]
  1490 | D:2      | Reached XP level 4. HP: 34/34 MP: 4/4
  2774 | D:3      | Gained mutation: You have hooves in place of feet. [demonic
                  | ancestry]
  2774 | D:3      | Reached XP level 5. HP: 41/41 MP: 5/5
  2907 | D:2      | Became a worshipper of Warmaster Okawaru
  3238 | D:3      | Found a shimmering altar of Xom.
  3245 | D:3      | Reached skill level 1 in Invocations
  3259 | D:3      | Gained mutation: You are immune to rotting. [demonic
                  | ancestry]
  3259 | D:3      | Reached XP level 6. HP: 33/48 MP: 7/7
  3263 | D:3      | Reached skill level 2 in Invocations
  3796 | D:4      | Found a staircase to the Ecumenical Temple.
  3880 | D:4      | Reached * piety under Okawaru
  4163 | D:5      | Entered Level 5 of the Dungeon
  4168 | D:5      | Found a broken altar of Ashenzari.
  4388 | D:5      | Reached skill level 3 in Invocations
  4501 | D:5      | Reached XP level 7. HP: 55/55 MP: 9/9
  4633 | D:5      | Found a sand-covered staircase.
  4641 | Ossuary  | Entered an ossuary
  5012 | D:5      | Reached skill level 4 in Invocations
  5509 | D:6      | Found Xuwiuw's Book Shop.
  5521 | D:6      | Reached skill level 5 in Long Blades
  5521 | D:6      | Reached skill level 5 in Dodging
  5785 | D:6      | Reached skill level 5 in Fighting
  5786 | D:6      | Reached ** piety under Okawaru
  5909 | D:6      | Gained mutation: You sometimes gain a little power by
                  | taking damage. [demonic ancestry]
  5909 | D:6      | Reached XP level 8. HP: 55/62 MP: 11/11
  5958 | D:6      | Reached skill level 5 in Invocations
  6274 | D:6      | Found a shimmering blue altar of Sif Muna.
  6753 | D:7      | Reached skill level 6 in Invocations
  7126 | D:7      | Reached *** piety under Okawaru
  7474 | D:8      | Reached XP level 9. HP: 66/69 MP: 14/14
  7517 | D:8      | Reached skill level 7 in Invocations
  7526 | D:8      | Noticed Psyche
  7860 | D:8      | Killed Psyche
  7908 | D:8      | Reached **** piety under Okawaru
  8488 | D:9      | Reached skill level 8 in Invocations
  8776 | D:9      | Noticed a troll
  8788 | D:9      | Killed a troll
  8793 | D:9      | Reached XP level 10. HP: 63/79 MP: 16/16
  9141 | D:9      | Noticed a boulder beetle
  9143 | D:9      | Received a gift from Okawaru
  9156 | D:9      | Killed a boulder beetle
  9156 | D:9      | Reached skill level 9 in Invocations
  9626 | D:10     | Entered Level 10 of the Dungeon
  9661 | D:10     | Noticed Maggie
  9674 | D:10     | Killed Maggie
  9766 | D:10     | HP: 1/80 [something (6)]
  9767 | D:10     | Slain by an unseen horror

Illustrated notes

Levels and vault maps discovered:
D:1:      dpeg_arrival_round_a, layout_basic
D:2:      layout_basic, grunt_temple_overflow_cloverleaf,
          minmay_misc_feat_alley, minmay_shallow_snake_nest
D:3:      layout_basic, led_xom_imps, grunt_ministairs_7, serial_park_tiny_1,
          hangedman_decor_slide_cut
D:4:      layout_basic, minmay_temple_entry_arrows
D:5:      layout_cave_pods, kennysheep_mini_moat,
          nicolae_ossuary_entry_catacombs
D:6:      kennysheep_orc_sif_temple, layout_basic, serial_shops, shop,
          serial_bayou_lagoon_a, grunt_ministairs_5, minmay_misc_feat_enclosed,
          minmay_fractal_squares_5
D:7:      layout_basic
D:8:      layout_loops_ring, uniq_psyche
D:9:      layout_basic
D:10:     layout_gridville, minmay_lair_entry_grove, orc_0_dummy, uniq_fannar,
          uniq_maurice, uniq_maggie

Skill      XL: |  1  2  3  4  5  6  7  8  9 10 |
---------------+-------------------------------+-----
Long Blades    | 3 4 5 6 7 |  7.8
Dodging        | 3 4 5 6 7 |  7.8
Fighting       | 3 4 5 6 7 8 |  8.2
Invocations    | 1 3 4 6 8 9 |  9.4
Throwing       | |  1.7

Action                   |  1- 3 |  4- 6 |  7- 9 | 10-12 || total
-------------------------+-------+-------+-------+-------++-------
Melee: Long sword        |    81 |   129 |   221 |       ||   431
       Kick              |    15 |    41 |   146 |    28 ||   230
       Scimitar          |       |       |    67 |    46 ||   113
Invok: Heroism           |       |       |     4 |     3 ||     7
Evoke: Wand              |       |       |     7 |       ||     7
  Use: Scroll            |       |       |    14 |     4 ||    18
       Potion            |       |       |       |     1 ||     1
Armor: Leather armour    |    21 |    33 |    49 |       ||   103
       Robe              |       |       |    26 |     7 ||    33
Dodge: Dodged            |    66 |    95 |   247 |    54 ||   462
       Rpst.: Long sword |    24 |    25 |    47 |       ||    96
       Scimitar          |       |       |    19 |    12 ||    31

Table legend: (Time is in decaauts)
 A = Elapsed time spent in this place.
 B = Non-inter-level travel time spent in this place.
 C = Inter-level travel time spent in this place.
 D = Time resting spent in this place.
 E = Time spent auto-exploring this place.
 F = Levels seen in this place.
 G = Mean time per level.
                   A        B        C        D        E       F      G
               +--------+--------+--------+--------+--------+-----+--------+
         Total |   9833 |   9340 |    493 |   1665 |   5816 |  11 |  893.9 |
       Dungeon |   9478 |   8985 |    493 |   1553 |   5798 |  10 |  947.8 |
       Ossuary |    355 |    355 |      0 |    112 |     18 |   1 |  355.0 |
               +--------+--------+--------+--------+--------+-----+--------+

Top non-repeatable levels by time:
     D:2: 1542 daAuts
     D:6: 1270 daAuts
     D:9: 1175 daAuts
     D:3: 1151 daAuts
     D:7: 1044 daAuts
     D:5: 981 daAuts
     D:1: 974 daAuts
     D:8: 658 daAuts
     D:4: 542 daAuts
 Ossuary: 355 daAuts
    D:10: 136 daAuts
